 Dungeon Crawl Stone Soup version 0.30-a0-739-gea05faddec (webtiles) character file.

Game seed: 15423283017372739936

4289 kingofthe the Cleaver (level 10, -3/81 HPs)
             Began as a Minotaur Berserker on Feb 4, 2023.
             Was a High Priest of Trog.
             Slain by a two-headed ogre
             ... wielding a +0 giant club
              (10 damage)
             ... on level 8 of the Dungeon.
             The game lasted 00:24:14 (6028 turns).

kingofthe the Cleaver (Minotaur Berserker)          Turns: 6028, Time: 00:24:15

Health: -3/81      AC: 15    Str: 24    XL:     10   Next: 11%
Magic:  9/9        EV: 14    Int:  4    God:    Trog [*****.]
Gold:   369        SH:  0    Dex: 12    Spells: 9/9 levels left

rFire   . . .      SeeInvis .    a - +0 hand axe (elec)
rCold   + . .      Faith    .    (no shield)
rNeg    . . .      Spirit   .    R - +3 leather armour of Zaplol {Regen+}
rPois   .          Reflect  .    (helmet restricted)
rElec   .          Harm     .    T - +0 cloak
rCorr   .          Rampage  +    f - +2 pair of gloves
Will    .....                    V - +2 pair of boots {rampage}
Stlth   +                        j - amulet of regeneration
HPRegen 1.93/turn                O - ring of protection from cold
MPRegen 0.11/turn                (no ring)

@: no status effects
A: horns 2, retaliatory headbutt
a: Renounce Religion, Berserk, Trog's Hand, Brothers in Arms


You were on level 8 of the Dungeon.
You worshipped Trog.
Trog was extremely pleased with you.
You visited 1 branch of the dungeon, and saw 8 of its levels.

You collected 429 gold pieces.
You spent 60 gold pieces at shops.

Inventory:

Hand Weapons
 a - a +0 hand axe of electrocution (weapon)
 b - a +0 heavy sling
 w - a +0 hand axe
 A - a +2 whip of venom
 B - a +4 flail of holy wrath
 N - a +2 falchion of flaming
 Q - a +1 vampiric whip
Missiles
 S - a throwing net
Armour
 e - an orb of guile
 f - a +2 pair of gloves (worn)
 q - a +0 leather armour
 s - a +0 ring mail
 C - a +2 leather armour of positive energy
 J - +0 acid dragon scales
 R - the +3 leather armour of Zaplol (worn) {Regen+}
   (You found it on level 7 of the Dungeon)

   Regen:     It increases your rate of health regeneration.
 T - a +0 cloak (worn)
 V - a +2 pair of boots of rampaging (worn)
Jewellery
 d - an amulet of reflection
 j - an amulet of regeneration (around neck)
 E - an amulet of guardian spirit
 O - a ring of protection from cold (left hand)
Wands
 F - a wand of polymorph (11)
 L - a wand of charming (4)
 P - a wand of light (4)
Scrolls
 g - 3 scrolls of vulnerability
 h - a scroll of butterflies
 i - 3 scrolls of identify
 l - 5 scrolls of teleportation
 n - a scroll of enchant armour
 o - a scroll of blinking {unknown}
 p - a scroll of immolation {unknown}
 u - a scroll of silence {unknown}
 y - a scroll of brand weapon
 D - a scroll of fog
 G - a scroll of torment {unknown}
 H - a scroll of fear {unknown}
 M - a scroll of enchant weapon {unknown}
Potions
 c - 5 potions of curing
 k - 2 potions of magic {unknown}
 m - 2 potions of mutation {unknown}
 r - 2 potions of heal wounds
 t - 2 potions of flight {unknown}
 v - a potion of cancellation {unknown}
 x - 4 potions of invisibility {unknown}
 z - 3 potions of lignification {unknown}
 I - 2 potions of degeneration {unknown}
 K - 3 potions of might {unknown}
 U - a potion of brilliance {unknown}


   Skills:
 - Level 5.0 Fighting
 + Level 9.1(9.2) Axes
 - Level 1.4(5.9) Maces & Flails
 + Level 8.9 Ranged Weapons
 + Level 8.4 Armour
 + Level 7.7 Dodging


You had 9 spell levels left.
You didn't know any spells.
Your spell library was empty.

Dungeon Overview and Level Annotations

Branches:
Dungeon (8/15)             Temple (0/1) D:5
   Lair: D:8-11

Altars:
Elyvilon
Okawaru

Shops:
D:3 *   D:5 [   D:6 [

Annotations:
D:4 2 transporters


Innate Abilities, Weirdness & Mutations

You have a pair of horns on your head.
You reflexively headbutt those who attack you in melee.


Message History

The water moccasin barely misses you.
You feel sick.
You feel sick.
The water moccasin bites you but does no damage.
You feel sick.
You hit the water moccasin. You headbutt the water moccasin.
You kill the water moccasin!
Trog accepts your kill.
You feel sick.
You feel sick.
You feel sick.
You feel sick.
You are no longer poisoned.
You slash the two-headed ogre!
Lightning courses through the two-headed ogre!
Your headbutt misses the two-headed ogre.
The two-headed ogre is heavily wounded.
The two-headed ogre hits you with a +0 giant club! x2
You hit the two-headed ogre.
Lightning courses through the two-headed ogre!!
The two-headed ogre is almost dead.
You completely miss the two-headed ogre.
Your headbutt misses the two-headed ogre.
The two-headed ogre is almost dead.
The two-headed ogre hits you with a +0 giant club!!
The two-headed ogre misses you.
You barely miss the two-headed ogre.
The two-headed ogre is almost dead.
You barely miss the two-headed ogre.
The two-headed ogre is almost dead.
The two-headed ogre hits you with a +0 giant club!
* * * LOW HITPOINT WARNING * * *
The two-headed ogre hits you with a +0 giant club!!
* * * LOW HITPOINT WARNING * * *
You barely miss the two-headed ogre.
Your headbutt misses the two-headed ogre.
The two-headed ogre is almost dead.
You hit the two-headed ogre but do no damage.
The two-headed ogre is almost dead.
The two-headed ogre hits you with a +0 giant club!
You die...

. ...##.....#.# # ##..#
##.....##....### .
....#..#..............##
..##..#.##.....###.........
##..
........)).###....#......
...#
.#.......).####..##.#......
#### ....#..###.##...###.#
##### #....#..##..##.###
#.. #..##.#......@Oo# ####
###...##.#.....#####
............####
.....###.#..#
.#######.#..#####
..................
########.#..######
............# #######.#>..#


You could see a two-headed ogre and an orc.

Vanquished Creatures
  Pikel (D:6)
  Maggie (D:6)
  A troll (D:8)
  Edmund (D:4)
  2 water moccasins
  Duvessa (D:5)
  2 orc warriors (D:7)
  2 black bears
  3 ogres
  A centaur (D:7)
  4 lemures
  3 kobold brigands (D:7)
  3 bullfrogs
  A scorpion (D:6)
  2 necrophages
  3 wights (D:5)
  Dowan (D:5)
  5 killer bees (D:7)
  A howler monkey (D:5)
  2 jellies (D:7)
  2 orc priests
  3 hounds
  Crazy Yiuf (D:7)
  5 gnoll boudas (D:7)
  Jessica (D:2)
  An iguana (D:4)
  10 orc wizards
  7 gnolls
  6 adders
  3 shadow imps
  2 white imps
  3 ufetubi
  3 worms
  2 dart slugs
  26 orcs
  6 endoplasms
  6 giant cockroaches
  13 goblins
  14 hobgoblins
  9 jackals
  15 kobolds
  4 quokkas
  A ball python (D:1)
  7 bats
  6 frilled lizards
  5 rats
201 creatures vanquished.

Vanquished Creatures (collateral kills)
  An ogre (D:7)
  5 gnolls (D:7)
6 creatures vanquished.

Vanquished Creatures (others)
  An orc wizard (D:7)
  22 fungi
  7 plants (D:7)
30 creatures vanquished.

Grand Total: 237 creatures vanquished

Notes
Turn   | Place    | Note
-------+----------+-------------------------------------------
     0 | D:1      | kingofthe the Minotaur Berserker began the quest for the
                  | Orb.
     0 | D:1      | Reached XP level 1. HP: 19/19 MP: 0/0
   238 | D:1      | Found a faded altar of an unknown god.
   238 | D:1      | Noticed a golden eye
   238 | D:1      | Noticed an eye of devastation
   238 | D:1      | Noticed a shining eye
   238 | D:1      | Noticed a floating eye
   245 | D:1      | Reached XP level 2. HP: 23/27 MP: 1/1
   247 | D:1      | Reached skill level 4 in Axes
   496 | D:1      | Reached ** piety under Trog
   513 | D:1      | Reached XP level 3. HP: 33/33 MP: 2/2
   803 | D:2      | Noticed Jessica
   819 | D:2      | Killed Jessica
   824 | D:2      | Reached XP level 4. HP: 40/40 MP: 3/3
  1146 | D:2      | Reached skill level 5 in Axes
  1368 | D:3      | Found Qostuatt's General Store.
  1374 | D:3      | Bought a potion of heal wounds for 60 gold pieces
  1487 | D:3      | Reached XP level 5. HP: 47/47 MP: 4/4
  1492 | D:3      | Found an iron altar of Okawaru.
  1676 | D:3      | Reached *** piety under Trog
  1685 | D:3      | Reached skill level 1 in Ranged Weapons
  1840 | D:3      | Found a white marble altar of Elyvilon.
  2506 | D:4      | Reached XP level 6. HP: 55/55 MP: 5/5
  2520 | D:4      | Found a transporter.
  2711 | D:4      | Found a transporter.
  2713 | D:4      | Noticed a fire bat
  2713 | D:4      | Noticed a fire bat
  2907 | D:4      | Noticed Edmund
  2918 | D:4      | Killed Edmund
  2919 | D:4      | Reached skill level 5 in Fighting
  2919 | D:4      | Reached skill level 1 in Maces & Flails
  3026 | D:5      | Entered Level 5 of the Dungeon
  3080 | D:5      | Found Rofinn's Armour Boutique.
  3123 | D:5      | Noticed Dowan
  3131 | D:5      | Noticed Duvessa
  3132 | D:5      | Killed Dowan
  3133 | D:5      | Reached XP level 7. HP: 61/61 MP: 6/6
  3142 | D:5      | Killed Duvessa
  3243 | D:5      | Found a staircase to the Ecumenical Temple.
  3417 | D:5      | Reached skill level 6 in Axes
  3417 | D:5      | Reached skill level 5 in Armour
  3625 | D:5      | Reached **** piety under Trog
  3847 | D:5      | Reached skill level 5 in Ranged Weapons
  3904 | D:5      | Reached XP level 8. HP: 68/68 MP: 7/7
  3997 | D:5      | Reached skill level 5 in Dodging
  4317 | D:6      | Noticed Maggie
  4334 | D:6      | Killed Maggie
  4482 | D:6      | Noticed Pikel
  4503 | D:6      | Reached skill level 7 in Axes
  4519 | D:6      | Killed Pikel
  4520 | D:6      | Reached XP level 9. HP: 47/74 MP: 8/8
  4604 | D:6      | Found Winkelried's Dragon-Slaying Spoils.
  4940 | D:7      | Identified the +3 leather armour of Zaplol {Regen+}
  5093 | D:7      | Reached skill level 8 in Axes
  5628 | D:7      | Found a runed translucent door.
  5629 | D:7      | Noticed Crazy Yiuf
  5639 | D:7      | Killed Crazy Yiuf
  5943 | D:8      | Noticed a troll
  5947 | D:8      | Reached ***** piety under Trog
  5956 | D:8      | Killed a troll
  5957 | D:8      | Reached skill level 9 in Axes
  5957 | D:8      | Reached XP level 10. HP: 74/81 MP: 9/9
  6007 | D:8      | Noticed a two-headed ogre
  6026 | D:8      | HP: 4/81 [two-headed ogre/+0 giant club (18)]
  6028 | D:8      | Slain by a two-headed ogre

Illustrated notes

Levels and vault maps discovered:
D:1:      dpeg_arrival_morbid_curiosity, layout_basic,
          hellmonk_ecumenical_altar_watching_god, minmay_misc_feat_room,
          chequers_serial_rivers_small_a
D:2:      layout_basic, minmay_tromino_v7, uniq_jessica
D:3:      layout_loops_ring, okawaru_altar_gauntlet_db, elyvilon_altar_5,
          serial_shops, nicolae_shop_statue_plus
D:4:      gammafunk_cloud_chamber, layout_loops_ring, roderic_lattice_a,
          dk_noncrumbling_3, grunt_decor_resistance, uniq_edmund
D:5:      layout_loops_corners, minmay_temple_entry_stoned_glass, serial_shops,
          nicolae_shop_behind_doors, uniq_duvessa
D:6:      layout_cave_pools, nicolae_shop_dragon_depot, uniq_pikel, uniq_maggie
D:7:      kennysheep_seaside_town, layout_basic, minmay_misc_feat_secret_circle,
          minivault_11, uniq_crazy_yiuf_cottage
D:8:      layout_rooms, nicolae_ossuary_entry_false_entrances,
          dreamdust_mushroom_princess, uniq_joseph

Skill      XL: |  1  2  3  4  5  6  7  8  9 |
---------------+----------------------------+-----
Axes           | 4 5 6 7 9 |  9.1
Fighting       | 4 5 |  5.0
Armour         | 3 4 5 6 8 |  8.4
Dodging        | 3 4 6 7 |  7.7
Ranged Weapons | 2 3 5 7 8 |  8.9
Maces & Flails | 1 |  1.4

Action                     |  1- 3 |  4- 6 |  7- 9 | 10-12 || total
---------------------------+-------+-------+-------+-------++-------
  Melee: Hand axe          |    68 |   102 |   272 |    29 ||   471
         Headbutt          |    12 |    20 |    48 |     2 ||    82
         Whip              |       |    18 |       |       ||    18
         Punch             |       |     1 |     2 |       ||     3
   Fire: Sling             |       |    84 |   107 |     1 ||   192
 Invoke: Berserk           |       |       |     1 |       ||     1
         Trog's Hand       |       |       |     2 |       ||     2
         Brothers in Arms  |       |       |     1 |       ||     1
    Use: Scroll            |       |       |     7 |       ||     7
   Stab: Distracted        |     1 |       |       |       ||     1
 Armour: Animal skin       |     7 |     2 |       |       ||     9
         Leather armour    |       |     8 |    76 |    12 ||    96
         Ring mail         |       |    27 |       |       ||    27
         Acid dragon scale |       |       |    35 |       ||    35
  Dodge: Dodged            |    43 |    84 |   221 |    13 ||   361
  Block: Other             |     6 |       |       |       ||     6
         Reflection        |     2 |       |       |       ||     2

Table legend: (Time is in decaauts)
 A = Elapsed time spent in this place.
 B = Non-inter-level travel time spent in this place.
 C = Inter-level travel time spent in this place.
 D = Time resting spent in this place.
 E = Time spent auto-exploring this place.
 F = Levels seen in this place.
 G = Mean time per level.
                   A        B        C        D        E       F      G
               +--------+--------+--------+--------+--------+-----+--------+
         Total |   6016 |   5735 |    281 |    138 |   4209 |   8 |  752.0 |
       Dungeon |   6016 |   5735 |    281 |    138 |   4209 |   8 |  752.0 |
               +--------+--------+--------+--------+--------+-----+--------+

Top non-repeatable levels by time:
     D:5: 1225 daAuts
     D:4: 1003 daAuts
     D:7: 968 daAuts
     D:1: 774 daAuts
     D:3: 693 daAuts
     D:6: 639 daAuts
     D:2: 577 daAuts
     D:8: 135 daAuts
